Map: Shrines of Lizul

Players

A.I. 3 (Medium)

  • Race: Zerg Zerg
  • Spawn Location: 12:00

A.I. 2 (Medium)

  • Race: Zerg Zerg
  • Spawn Location: 3:00

wasp - Winner!

  • Race: Protoss Protoss
  • Spawn Location: 9:00

larsgj - Winner!

  • Race: Terran Terran
  • Spawn Location: 6:00

VOD

Have the link to the VOD?

Description

Time

  • Played on: Dec. 21, 2018, 7:30 a.m.
  • Length: 32:19
Show
View Real Time Build Order
Export as new Build Order

A.I. 3 (Medium) Zerg 

Build Orders: 1 Base Baneling Bust, Pool First 

Get SALT Encoding   

  12  0:01  Drone  
  13  0:13  Overlord  
  13  0:18  Drone  
  14  0:31  Drone  
  14  0:34  Drone  
  16  0:43  Spawning Pool  
  16  0:46  Drone  
  16  0:50  Drone  
  16  0:52  Extractor  
  16  0:56  Drone  
  17  1:06  Overlord  
  17  1:31  Zergling x2  
  17  1:32  Queen  
  20  1:35  Zergling x2  
  20  1:39  Drone, Roach Warren  
  21  1:46  Baneling Nest  
  20  1:48  Extractor  
  20  1:54  Drone  
  20  2:00  Drone  
  21  2:11  Drone  
  22  2:21  Zergling x2  
  23  2:32  Zergling x2  
  23  2:36  Baneling x2  
  24  2:38  Overlord  
  24  2:39  Zergling x2  
  24  2:43  Zergling x2  
  26  2:46  Zergling x2  
  27  2:55  Zergling x2  
  28  2:58  Baneling x2  
  29  3:05  Zergling x2  
  29  3:10  Drone, Evolution Chamber, Zergling x2  
  30  3:13  Drone  
  30  3:17  Drone  
  32  3:28  Overlord  
  32  3:39  Drone  
  33  3:42  Drone  
  33  3:45  Drone  
  33  3:48  Drone  
  36  5:02  Overlord, Lair  
  36  5:03  Roach, Drone  
  36  5:05  Drone, Spore Crawler  
  39  5:07  Spore Crawler  
  39  5:08  Drone  
  39  5:15  Roach  
  39  5:21  Drone  
  41  5:22  Overlord  
  41  5:27  Ravager  
  41  5:28  Roach  
  35  5:37  Spine Crawler  
  35  5:39  Drone  
  35  5:40  Zergling x2  
  36  5:49  Spine Crawler  
  35  5:52  Roach, Ravager  
  38  6:00  Queen, Overseer x2  
  40  6:06  Hydralisk Den  
  40  6:07  Drone  
  40  6:09  Infestation Pit  
  39  6:11  Drone  
  40  6:25  Spire  
  40  6:28  Drone  
  40  6:35  Hydralisk, Evolution Chamber  
  40  6:36  Drone  
  42  6:47  Hydralisk  
  42  6:52  Hatchery  
  43  6:58  Drone  
  43  6:59  Hydralisk  
  46  7:11  Hydralisk  
  48  8:05  Queen, Drone  
  51  8:08  Drone  
  51  8:11  Drone  
  53  8:14  Drone  
  53  8:17  Drone  
  53  8:18  Overlord, Overseer  
  53  8:19  Drone  
  56  8:22  Extractor, Drone  
  56  8:25  Drone, Spore Crawler  
  56  8:28  Drone, Spore Crawler  
  56  8:31  Drone  
  56  8:34  Drone  
  58  8:37  Drone  
  58  8:39  Drone  
  60  8:41  Overlord  
  60  8:42  Drone  
  60  8:47  Drone  
  62  8:50  Drone  
  62  8:53  Drone  
  64  8:55  Drone  
  64  8:58  Drone  
  64  8:59  Spine Crawler  
  64  9:01  Drone  
  64  9:02  Spine Crawler  
  65  9:04  Drone  
  65  9:07  Hive  
  65  9:09  Drone  
  67  9:21  Corruptor  
  69  9:30  Overlord  
  66  9:34  Zergling x2  
  61  9:39  Pneumatized Carapace  
  61  9:42  Overseer  
  61  9:45  Overseer  
  51  9:46  Infestor  
  53  9:58  Corruptor  
  55  10:02  Drone  
  55  10:05  Zerg Melee Weapons Level 1  
  56  10:10  Infestor, Zerg Ground Armor Level 1  
  58  10:19  Greater Spire  
  58  10:26  Extractor  
  58  10:27  Burrow, Drone  
  58  10:54  Ultralisk Cavern  
  58  10:56  Drone  
  58  10:59  Overseer  
  58  11:00  Overlord  
  58  11:30  Corruptor  
  58  11:31  Brood Lord  
  62  11:34  Spire  
  61  11:43  Corruptor, Brood Lord  
  65  11:59  Zerg Missile Weapons Level 1, Hatchery  
  64  12:50  Overlord, Ultralisk  
  70  12:59  Hydralisk  
  72  13:08  Overlord  
  72  13:09  Ultralisk  
  78  13:18  Ultralisk  
  75  13:27  Hydralisk, Overlord  
  75  13:28  Overseer  
  75  13:29  Overlord, Overseer  
  73  13:34  Extractor  
  73  13:37  Extractor  
  67  13:46  Ultralisk  
  67  13:48  Overlord  
  73  13:55  Ultralisk  
  79  13:59  Spore Crawler  
  79  14:01  Spore Crawler  
  78  14:02  Drone  
  78  14:04  Zergling x2  
  78  14:06  Drone  
  78  14:07  Overlord  
  80  14:14  Ultralisk  
  80  14:16  Zerg Melee Weapons Level 2  
  86  14:22  Hydralisk  
  88  14:25  Drone, Spine Crawler, Overlord  
  88  14:28  Drone  
  88  14:31  Drone  
  90  14:32  Hydralisk  
  90  14:34  Drone  
  90  14:36  Drone  
  94  14:39  Drone  
  94  14:42  Drone  
  94  14:44  Overlord  
  94  14:45  Drone  
  97  14:47  Zerg Ground Armor Level 2  
  97  14:48  Drone  
  97  14:51  Drone  
  99  14:54  Drone  
  99  14:57  Drone  
  99  14:59  Drone  
  102  15:02  Drone, Overlord  
  102  15:05  Drone  
  104  15:08  Drone  
  105  15:30  Overlord, Overseer  
  105  15:37  Spine Crawler  
  105  15:39  Drone  
  105  15:41  Queen  
  107  15:43  Zerg Flyer Weapons Level 1  
  107  16:07  Zerg Flyer Armor Level 1  
  107  16:30  Hydralisk  
  107  16:32  Zerg Missile Weapons Level 2  
  107  16:47  Overseer  
  107  16:48  Overlord  
  107  17:00  Zergling x2  
  107  17:03  Zerg Melee Weapons Level 3  
  107  17:12  Ultralisk  
  107  17:13  Hydralisk  
  107  17:16  Ultralisk  
  107  17:26  Hatchery, Ultralisk  
  107  17:27  Ultralisk  
  106  17:38  Zerg Flyer Weapons Level 2  
  106  17:59  Hydralisk  
  106  18:02  Zerg Flyer Armor Level 2  
  84  18:06  Overlord  
  84  18:09  Ultralisk  
  84  18:13  Overseer  
  84  18:18  Hydralisk  
  86  18:25  Overlord  
  86  18:28  Hydralisk  
  87  18:38  Queen, Ultralisk  
  87  18:39  Drone  
  87  18:40  Spore Crawler  
  95  18:42  Drone  
  95  18:45  Overlord  
  95  18:46  Spore Crawler  
  95  18:47  Drone, Ultralisk  
  95  18:48  Zerg Ground Armor Level 3  
  102  18:56  Ultralisk  
  102  18:59  Extractor, Drone  
  108  19:06  Zergling x2  
  109  19:22  Hatchery  
  109  19:23  Drone  
  109  19:24  Spore Crawler  
  109  19:25  Drone  
  109  19:26  Extractor  
  109  19:28  Spine Crawler  
  109  19:29  Drone  
  108  19:31  Spine Crawler  
  108  19:32  Drone  
  108  19:35  Drone  
  109  20:10  Hydralisk x2  
  111  20:37  Hydralisk  
  111  20:40  Overlord  
  111  20:41  Roach  
  111  20:42  Spore Crawler  
  104  20:44  Drone  
  104  20:45  Roach  
  104  20:46  Spore Crawler  
  104  20:48  Drone  
  104  20:49  Roach  
  104  20:51  Drone  
  104  20:53  Roach, Queen  
  104  20:55  Spore Crawler  
  104  20:56  Queen, Drone  
  104  20:57  Roach, Extractor  
  108  20:59  Drone, Overlord  
  108  21:00  Roach  
  108  21:03  Drone  
  108  21:04  Hydralisk  
  99  21:06  Drone  
  99  21:07  Hydralisk  
  99  21:10  Drone  
  99  21:11  Hydralisk  
  90  21:15  Infestor  
  90  21:18  Hydralisk, Overlord  
  92  21:20  Drone, Spawning Pool  
  92  21:21  Extractor  
  92  21:22  Hydralisk  
  92  21:23  Drone  
  96  21:25  Hydralisk  
  98  21:35  Evolution Chamber  
  98  21:36  Drone  
  98  21:38  Evolution Chamber  
  98  21:39  Drone  
  82  22:05  Overlord  
  82  22:08  Zergling x2  
  83  22:10  Spine Crawler  
  83  22:13  Overlord x2  
  83  22:14  Spine Crawler  
  83  22:15  Overlord  
  79  22:18  Baneling Nest  
  79  22:20  Roach Warren  
  57  22:33  Drone, Overlord  
  57  22:36  Drone  
  57  22:44  Drone x2, Spawning Pool  
  56  22:47  Drone  
  56  22:50  Drone  
  51  22:51  Drone  
  51  22:52  Overlord  
  51  22:53  Drone  
  51  22:56  Drone  
  50  22:59  Drone  
  46  23:09  Evolution Chamber  
  46  23:10  Drone  
  44  23:14  Overlord  
  44  23:24  Evolution Chamber  
  43  23:28  Hatchery  
  43  23:32  Overlord, Zergling x2, Drone  
  44  23:52  Hatchery  
  44  23:53  Overlord  
  43  23:56  Baneling Nest  
  43  23:57  Drone  
  43  24:09  Roach Warren  
  42  24:11  Overlord  
  42  24:29  Overlord  
  42  24:34  Drone, Spawning Pool  
  42  24:52  Roach  
  44  24:54  Drone  
  44  24:58  Overlord, Drone  
  46  25:01  Drone  
  46  25:04  Drone  
  48  25:07  Drone  
  48  25:10  Drone  
  48  25:13  Drone  
  51  25:16  Drone  
  51  25:17  Roach  
  51  25:19  Drone  
  48  25:22  Drone  
  48  25:25  Roach, Drone  
  48  25:26  Overlord  
  41  25:32  Roach  
  41  25:34  Evolution Chamber  
  41  25:35  Drone  
  35  25:38  Drone  
  35  25:39  Roach  
  35  25:41  Drone  
  35  25:44  Drone  
  35  25:46  Roach  
  35  25:47  Drone  
  35  25:58  Drone  
  35  26:01  Roach, Drone  
  35  26:04  Drone  
  36  26:07  Drone  
  36  26:08  Roach  
  37  26:15  Roach  
  39  26:18  Spawning Pool  
  39  26:22  Roach  
  39  26:23  Drone  
  34  26:28  Drone  
  34  26:32  Hatchery  
  29  26:45  Drone  
  29  26:47  Drone  
  29  26:50  Drone  
  28  26:56  Extractor  
  23  27:07  Zergling x2  
  22  27:11  Drone  
  1  27:34  Hatchery  
    27:43  Drone  
  1  27:54  Drone  
  2  28:05  Drone  
  3  28:16  Drone  
  3  28:18  Hatchery  
  3  28:28  Hatchery  
  2  28:37  Drone  
  3  28:45  Drone  
  5  28:48  Drone  
  5  28:50  Spawning Pool  
  4  28:56  Drone  
  4  28:58  Roach  
  4  28:59  Drone  
  8  29:09  Drone  
  9  29:12  Evolution Chamber  
  8  29:17  Drone  
  8  29:20  Drone  
  8  29:23  Drone  
  11  29:33  Drone  
  11  29:36  Extractor  
  11  29:37  Drone  
  11  29:38  Queen  
  14  29:40  Lair  
  14  29:42  Drone  
  15  29:47  Drone  
  15  29:50  Drone  
  17  29:53  Drone  
  17  29:57  Drone  
  19  30:03  Drone  
  20  30:14  Drone, Zergling x2  
  22  30:16  Drone  
  22  30:19  Drone  
  22  30:21  Zergling x2  
  21  30:31  Drone  
  21  30:33  Drone  
  18  30:36  Drone  
  18  30:39  Drone  
  19  30:45  Overlord  
  19  30:48  Drone  
  20  30:55  Overseer  
  18  30:58  Spawning Pool  
  17  31:06  Drone, Overseer  
  17  31:07  Overlord  
  17  31:16  Drone  
  15  31:19  Drone  
  15  31:22  Drone  
  15  31:25  Drone  
  15  31:28  Drone  
  15  31:29  Drone  
  16  31:33  Drone  
  17  31:40  Infestation Pit  
  15  31:47  Overlord  
  15  31:55  Drone x3  
  15  31:56  Drone  
  12  32:05  Drone  
  11  32:10  Hatchery  
Show
View Real Time Build Order
Export as new Build Order

A.I. 2 (Medium) Zerg 

Build Orders: 1 Base Baneling Bust, Pool First 

Get SALT Encoding   

  12  0:01  Drone  
  13  0:12  Overlord  
  13  0:18  Drone  
  14  0:30  Drone  
  14  0:33  Drone  
  16  0:45  Spawning Pool  
  16  0:46  Drone  
  16  0:50  Drone  
  16  0:53  Extractor  
  16  0:56  Drone  
  17  1:06  Overlord  
  17  1:32  Queen, Zergling x2  
  18  1:38  Drone  
  21  1:40  Roach Warren  
  21  1:42  Extractor  
  19  1:49  Drone  
  19  1:50  Zergling x2  
  21  2:00  Drone  
  22  2:10  Overlord  
  22  2:21  Roach  
  24  2:39  Roach, Lair  
  26  2:55  Overlord  
  26  2:57  Roach  
  28  3:15  Roach  
  30  3:24  Drone  
  31  3:28  Drone  
  31  3:33  Roach  
  34  3:38  Hydralisk Den  
  34  3:41  Drone  
  34  3:50  Overlord  
  34  3:54  Drone  
  35  3:58  Drone  
  35  4:01  Drone  
  37  4:06  Drone  
  37  4:08  Hydralisk  
  40  4:13  Baneling Nest  
  39  4:17  Drone  
  40  4:26  Hydralisk, Drone, Evolution Chamber  
  42  4:43  Hydralisk  
  44  6:57  Roach, Drone, Overseer  
  44  6:58  Overlord, Overseer, Queen  
  44  7:00  Drone, Spore Crawler  
  44  7:01  Spore Crawler  
  48  7:04  Drone, Infestation Pit  
  48  7:05  Spire  
  48  7:07  Drone  
  48  7:08  Hydralisk, Hatchery, Evolution Chamber  
  46  7:10  Drone  
  46  7:13  Drone  
  50  7:20  Zergling x2  
  45  7:26  Spine Crawler  
  45  7:27  Drone  
  45  7:28  Spine Crawler  
  32  7:30  Drone  
  32  7:32  Roach  
  32  7:35  Overseer  
  32  7:36  Overlord  
  35  7:43  Roach  
  37  7:55  Roach  
  39  8:06  Roach  
  41  8:18  Roach  
  43  8:20  Drone  
  43  8:21  Queen  
  43  8:23  Drone  
  43  8:26  Drone  
  48  8:28  Hydralisk  
  48  8:29  Drone  
  48  8:32  Drone  
  52  8:35  Drone, Spore Crawler  
  52  8:37  Spore Crawler  
  52  8:38  Drone  
  52  8:40  Hydralisk  
  52  8:41  Drone  
  55  8:44  Drone  
  55  8:46  Drone  
  57  8:52  Drone  
  57  8:53  Overlord, Overseer  
  58  8:56  Drone  
  58  9:01  Drone, Spine Crawler  
  59  9:04  Drone, Spine Crawler  
  59  9:11  Hydralisk, Drone  
  59  9:13  Overlord  
  59  9:16  Drone  
  63  9:24  Drone  
  63  9:27  Drone  
  63  9:30  Drone  
  66  9:33  Drone  
  67  10:21  Extractor  
  66  10:22  Extractor  
  65  10:43  Drone  
  65  10:46  Drone  
  65  10:49  Overlord, Drone  
  68  10:52  Drone  
  68  10:55  Drone  
  70  10:58  Drone  
  71  11:24  Overlord, Mutalisk  
  71  11:25  Pneumatized Carapace, Overseer  
  73  11:26  Zerg Ground Armor Level 1, Zerg Melee Weapons Level 1  
  73  11:27  Burrow  
  73  11:28  Zergling x2  
  74  11:33  Zergling x2  
  74  11:37  Mutalisk  
  77  11:41  Mutalisk  
  77  11:44  Overlord  
  77  11:46  Zergling x2  
  73  11:51  Baneling x2, Zergling x2  
  73  11:52  Overseer  
  60  11:54  Hatchery  
  60  11:55  Metabolic Boost  
  60  11:56  Zergling x2  
  60  12:00  Zergling x2, Overseer  
  61  12:04  Mutalisk  
  61  12:08  Mutalisk  
  63  12:09  Hive  
  63  12:12  Mutalisk  
  67  12:17  Zergling x2  
  67  12:22  Zergling x2, Baneling  
  69  12:26  Centrifugal Hooks, Baneling  
  69  13:08  Drone, Queen  
  69  13:10  Drone  
  73  13:13  Extractor, Drone  
  73  13:14  Spore Crawler  
  73  13:16  Drone  
  73  13:19  Drone  
  74  13:20  Zerg Missile Weapons Level 1, Spore Crawler, Viper  
  74  13:22  Drone  
  74  13:23  Extractor  
  74  13:25  Drone  
  74  13:26  Spore Crawler, Greater Spire  
  76  13:28  Drone  
  76  13:30  Drone, Ultralisk Cavern  
  76  13:34  Drone  
  78  13:37  Drone  
  78  13:39  Overlord  
  78  13:40  Drone  
  80  13:43  Drone  
  80  13:44  Spine Crawler  
  80  13:46  Drone, Spine Crawler  
  80  13:48  Drone  
  80  13:51  Drone  
  80  13:54  Drone  
  83  13:57  Drone  
  83  14:00  Drone  
  85  14:39  Spire  
  85  14:41  Drone  
  85  14:42  Overlord, Overseer  
  85  15:06  Corruptor  
  85  15:07  Overlord  
  85  15:08  Zerg Melee Weapons Level 2  
  87  15:14  Zerg Ground Armor Level 2  
  87  15:16  Infestor  
  82  15:26  Zergling x2  
  67  15:29  Overseer  
  67  15:31  Overseer  
  67  15:35  Corruptor  
  67  15:40  Overlord  
  69  15:45  Infestor  
  71  15:53  Zerg Flyer Weapons Level 1  
  71  15:55  Brood Lord  
  73  16:07  Corruptor  
  75  16:17  Corruptor, Brood Lord  
  79  16:23  Hatchery  
  78  16:35  Zerg Flyer Armor Level 1  
  78  16:40  Brood Lord  
  80  16:50  Corruptor, Brood Lord  
  84  17:09  Corruptor  
  84  17:10  Overlord  
  86  17:23  Zerg Missile Weapons Level 2  
  86  17:25  Corruptor  
  86  17:26  Brood Lord  
  90  17:30  Zerg Melee Weapons Level 3  
  89  17:48  Zerg Flyer Weapons Level 2  
  89  17:51  Zergling x2  
  89  18:12  Overlord, Overseer  
  89  18:14  Hatchery  
  88  18:29  Zerg Flyer Armor Level 2  
  88  18:49  Roach  
  88  18:52  Overlord  
  88  18:54  Roach  
  92  18:59  Roach  
  94  19:04  Roach  
  96  19:10  Roach, Overlord  
  96  19:14  Hydralisk  
  92  19:19  Swarm Host  
  94  19:25  Overseer  
  94  19:26  Roach  
  94  19:28  Viper  
  94  19:29  Overlord, Queen  
  94  19:31  Roach  
  91  19:34  Overseer  
  91  19:36  Roach  
  91  19:38  Extractor  
  84  19:39  Zerg Ground Armor Level 3  
  84  19:40  Infestor  
  84  19:44  Spore Crawler  
  85  19:46  Roach  
  85  19:47  Overlord, Spore Crawler  
  85  19:48  Extractor  
  85  19:51  Roach  
  87  19:56  Infestor  
  89  20:01  Infestor  
  89  20:06  Infestor  
  89  20:07  Overlord, Zerg Missile Weapons Level 3  
  93  20:11  Drone  
  93  20:12  Zergling x2, Spine Crawler  
  94  20:14  Drone  
  94  20:16  Infestor  
  94  20:17  Drone  
  98  20:21  Hydralisk  
  98  20:26  Swarm Host  
  103  20:39  Spine Crawler  
  103  20:40  Drone  
  103  21:00  Drone  
  103  21:28  Hatchery  
  102  21:33  Zergling x2  
  102  21:39  Roach  
  102  21:46  Roach  
  98  21:52  Roach  
  100  21:57  Roach  
  102  22:40  Queen  
  102  22:41  Drone  
  106  22:44  Drone  
  106  22:47  Drone  
  106  22:49  Mutalisk  
  106  22:50  Drone, Overlord  
  108  22:52  Viper  
  108  22:53  Drone  
  108  22:54  Zerg Flyer Armor Level 3, Zerg Flyer Weapons Level 3  
  108  22:55  Spore Crawler  
  108  22:56  Drone, Queen  
  108  22:58  Corruptor  
  108  22:59  Drone  
  108  23:02  Drone  
  108  23:05  Drone  
  112  23:08  Mutalisk  
  112  23:09  Overlord, Drone  
  112  23:12  Drone  
  114  23:14  Spore Crawler  
  114  23:15  Drone  
  114  23:17  Mutalisk  
  114  23:18  Drone  
  113  23:20  Extractor  
  113  23:21  Drone  
  113  23:24  Drone  
  113  23:26  Corruptor  
  106  23:27  Drone  
  106  23:30  Drone, Spore Crawler  
  106  23:33  Drone  
  105  23:36  Drone, Mutalisk  
  105  23:38  Spore Crawler  
  105  23:39  Drone  
  108  23:41  Extractor  
  108  23:42  Drone, Queen  
  108  23:45  Drone, Overseer, Queen  
  108  23:46  Mutalisk, Viper  
  108  23:48  Drone  
  108  23:52  Drone  
  108  23:55  Spine Crawler, Viper  
  101  23:56  Drone, Mutalisk, Queen  
  92  24:05  Corruptor  
  92  24:06  Drone  
  92  24:09  Drone  
  81  24:11  Spine Crawler  
  81  24:12  Hydralisk, Drone  
  81  24:15  Drone  
  80  24:18  Drone  
  80  24:20  Hatchery, Zergling x2  
  80  24:21  Drone  
  80  24:24  Drone  
  83  24:25  Extractor  
  83  24:28  Roach  
  82  24:34  Hydralisk  
  82  24:35  Drone  
  81  24:38  Drone  
  81  24:42  Mutalisk  
  84  24:51  Corruptor  
  86  25:01  Mutalisk  
  86  25:03  Hatchery  
  86  25:05  Overseer  
  78  25:45  Corruptor, Brood Lord  
  80  25:57  Hatchery  
  80  25:59  Overseer  
  80  26:00  Viper  
  80  26:01  Mutalisk  
  77  26:10  Queen, Mutalisk  
  75  26:16  Queen  
  72  26:20  Mutalisk  
  72  26:25  Overlord  
  72  26:30  Corruptor  
  74  26:37  Drone  
  72  26:41  Ultralisk  
  72  26:43  Overlord  
  77  26:48  Drone  
  77  26:51  Ultralisk  
  77  26:52  Drone x5  
  79  27:01  Overlord, Ultralisk  
  79  27:02  Extractor, Drone  
  79  27:03  Drone  
  79  27:05  Drone  
  79  27:07  Drone x2, Spore Crawler  
  79  27:08  Drone  
  81  27:10  Spore Crawler  
  81  27:11  Hydralisk, Drone x3  
  81  27:12  Queen  
  81  27:14  Drone  
  82  27:17  Drone  
  82  27:20  Drone  
  82  27:22  Queen, Ultralisk  
  83  27:23  Drone  
  83  27:25  Queen, Drone  
  83  27:28  Drone  
  87  27:31  Drone  
  87  27:32  Spore Crawler, Ultralisk  
  87  27:35  Drone  
  88  27:38  Drone  
  88  27:39  Zergling x2  
  88  27:41  Drone  
  88  27:42  Overseer  
  88  27:43  Drone  
  88  27:44  Drone  
  88  27:46  Roach, Overlord  
  88  27:47  Drone, Spore Crawler  
  88  27:50  Drone  
  89  27:52  Drone  
  89  27:53  Mutalisk  
  89  27:55  Drone  
  92  28:01  Zergling x2  
  90  28:08  Roach  
  90  28:10  Drone  
  90  28:15  Mutalisk  
  90  28:19  Spore Crawler  
  75  28:23  Zergling x2  
  62  28:28  Drone  
  62  28:30  Roach  
  62  28:31  Drone  
  62  28:34  Drone  
  62  28:37  Drone, Zergling x2  
  60  28:44  Spore Crawler, Mutalisk  
  58  28:51  Mutalisk  
  47  28:59  Zergling x2  
  28  29:07  Hatchery  
  23  29:18  Drone  
  11  29:41  Drone  
  11  29:42  Drone x2  
  8  29:48  Drone  
Show
View Real Time Build Order
Export as new Build Order

wasp Protoss - Winner!

Build Orders:  

Get SALT Encoding   

  12  0:14  Pylon  
  12  0:40  Gateway  
  12  0:46  Pylon  
  12  0:57  Assimilator  
  12  1:05  Gateway  
  12  1:29  Cybernetics Core, Zealot  
  14  1:56  Zealot  
  16  2:23  Zealot, Shield Battery  
  18  2:50  Zealot  
  20  2:58  Nexus  
  20  3:01  Probe  
  21  3:13  Probe  
  21  3:18  Zealot  
  24  3:25  Probe  
  25  4:06  Stalker x2  
  29  4:36  Stalker  
  27  5:52  Stargate  
  27  5:58  Twilight Council  
  27  6:01  Stalker  
  29  6:11  Assimilator  
  29  6:15  Probe  
  30  6:27  Probe  
  31  6:39  Probe  
  32  6:41  Assimilator  
  32  6:50  Assimilator  
  32  6:51  Probe  
  33  7:03  Probe  
  38  7:10  Void Ray  
  38  7:15  Probe  
  43  7:53  Void Ray  
  43  8:42  Dark Shrine  
  43  9:00  Templar Archives  
  43  9:14  Zealot  
  45  9:25  Pylon  
  45  9:29  Zealot  
  43  9:32  Pylon  
  39  9:41  Zealot  
  41  9:57  Zealot  
  41  10:08  Zealot  
  44  10:28  Probe  
  44  10:34  Shadow Stride  
  44  10:35  Zealot  
  46  10:40  Probe  
  47  10:52  Probe, Dark Templar  
  50  11:02  Zealot  
  52  11:04  Probe  
  53  11:17  Probe  
  54  11:29  Probe, Dark Templar  
  54  11:32  Dark Templar  
  57  12:08  Dark Templar  
  57  12:11  Dark Templar  
  61  12:26  Archon  
  61  13:25  Dark Templar  
  61  13:49  Dark Templar  
  61  14:12  Pylon  
  61  14:19  Pylon  
  61  14:27  Archon  
  61  14:30  Dark Templar  
  67  14:53  Void Ray  
  67  15:09  Dark Templar  
  67  15:14  Archon  
  73  15:36  Void Ray  
  73  15:39  Nexus  
  77  16:19  Void Ray  
  73  17:01  Void Ray  
  30  18:01  Dark Templar x2  
  34  18:06  Void Ray  
  34  18:21  Stargate  
  34  18:32  Stargate  
  34  18:40  Dark Templar x2  
  42  18:49  Void Ray  
  42  18:51  Archon  
  46  19:14  Void Ray  
  46  19:19  Dark Templar x2  
  46  19:23  Void Ray  
  58  19:31  Void Ray  
  62  19:57  Void Ray  
  62  19:58  Dark Templar  
  62  19:59  Dark Templar  
  66  20:06  Void Ray  
  74  20:14  Void Ray  
  66  20:38  Dark Templar x2  
  66  20:40  Void Ray  
  58  20:57  Void Ray  
  66  21:22  Archon  
  66  21:23  Archon  
  66  21:24  Void Ray x2  
  70  21:40  Void Ray  
  74  22:06  Void Ray  
  78  22:26  Void Ray  
  78  23:23  Pylon  
  78  23:35  Pylon  
  78  23:39  Pylon  
  86  23:42  Pylon  
  86  23:46  Void Ray x2  
  86  23:47  Pylon  
  90  23:59  Void Ray  
  94  24:42  Void Ray  
  102  24:50  Void Ray  
  102  25:12  Void Ray  
  106  25:25  Void Ray  
  82  26:14  Void Ray  
  61  28:53  Void Ray  
  69  30:50  Void Ray x2  
Show
View Real Time Build Order
Export as new Build Order

larsgj Terran - Winner!

Build Orders:  

Get SALT Encoding   

  12  0:01  SCV  
  13  0:21  SCV  
  13  0:26  Supply Depot  
  14  0:50  Supply Depot  
  14  0:54  Barracks  
  14  0:58  SCV  
  15  1:10  SCV  
  16  1:15  Supply Depot  
  16  1:22  SCV  
  17  1:34  SCV  
  17  1:35  Barracks  
  18  1:42  Marine  
  18  1:46  SCV  
  20  1:57  Engineering Bay, Refinery  
  20  1:58  SCV  
  20  2:00  Marine  
  20  2:01  Refinery  
  22  2:09  Supply Depot  
  22  2:10  SCV  
  23  2:18  Marine  
  23  2:22  Marine  
  25  2:40  Marine  
  26  2:44  SCV  
  26  2:48  Supply Depot  
  26  2:49  Marine  
  28  2:56  SCV  
  28  2:58  Marine  
  30  3:06  Marine  
  30  3:07  Bunker  
  30  3:08  SCV  
  32  3:18  Barracks  
  32  3:24  Barracks Tech Lab  
  32  3:30  Terran Infantry Weapons Level 1  
  32  3:36  SCV  
  32  3:39  Bunker  
  33  3:50  Combat Shield  
  33  3:54  Barracks Tech Lab  
  33  4:00  Marine  
  34  4:04  Marine  
  35  4:18  Marine  
  35  4:22  Marine  
  37  4:35  Marine  
  37  4:36  Supply Depot  
  38  4:40  SCV  
  38  4:41  Stimpack  
  39  4:52  SCV  
  40  4:53  Marine  
  41  5:04  SCV  
  41  5:16  SCV  
  42  5:24  Terran Infantry Armor Level 1  
  42  5:28  Marine x3, SCV  
  46  5:41  Bunker  
  46  5:46  Marine x3  
  49  6:03  Marine  
  49  6:04  Marine x2, Command Center  
  52  6:21  Marine, Concussive Shells  
  52  6:22  Marine  
  54  6:34  Factory  
  54  6:39  Barracks Tech Lab  
  54  6:48  SCV  
  55  7:00  SCV  
  56  7:12  SCV  
  57  7:18  Neosteel Armor  
  57  7:24  SCV  
  57  7:32  Refinery  
  57  7:33  Command Center  
  57  7:34  SCV  
  57  7:36  SCV  
  59  7:46  SCV  
  59  7:49  Command Center  
  60  7:56  Refinery  
  60  7:58  SCV  
  61  8:10  SCV  
  61  8:12  Missile Turret  
  62  8:22  SCV  
  63  8:29  SCV  
  64  8:35  Missile Turret  
  64  8:41  SCV  
  64  8:44  SCV  
  66  8:53  SCV  
  66  8:55  Missile Turret  
  67  8:56  SCV  
  67  8:58  SCV, Hi-Sec Auto Tracking  
  69  9:05  SCV  
  69  9:07  Refinery  
  69  9:09  SCV  
  71  9:10  SCV  
  72  9:18  Missile Turret  
  72  9:21  SCV  
  73  9:24  SCV  
  73  9:25  Refinery  
  74  9:33  SCV  
  74  9:35  Marauder x2  
  74  9:36  SCV  
  80  9:39  Missile Turret  
  80  9:41  Marauder  
  82  9:48  SCV  
  83  9:56  Marauder  
  83  9:59  Armory  
  85  10:00  Missile Turret  
  85  10:18  Supply Depot  
  85  10:36  SCV  
  85  10:37  Refinery  
  85  10:41  Supply Depot  
  86  10:48  SCV  
  86  10:49  SCV  
  88  10:57  Refinery  
  88  11:00  SCV  
  88  11:01  SCV  
  88  11:03  Planetary Fortress  
  90  11:04  Supply Depot  
  90  11:13  SCV  
  90  11:14  Planetary Fortress  
  92  11:25  SCV  
  92  11:27  Supply Depot  
  92  11:37  Planetary Fortress  
  92  11:53  Supply Depot  
  91  12:15  Supply Depot  
  91  12:31  Starport  
  91  12:35  Terran Vehicle Weapons Level 1  
  91  12:37  Terran Infantry Weapons Level 2  
  91  12:41  Orbital Command  
  91  13:08  Starport  
  90  13:14  Marine  
  90  13:15  Marine x2  
  93  13:32  Marine  
  93  13:33  Marine x2  
  96  13:44  Supply Depot  
  96  13:46  Starport  
  96  13:50  Marine  
  96  13:51  Marine x2  
  99  14:06  Starport Tech Lab  
  99  14:07  Starport Tech Lab, Supply Depot  
  99  14:08  Marine x3  
  102  14:26  Marine x3  
  102  14:27  Starport Tech Lab  
  102  14:29  Terran Vehicle And Ship Armor Level 1  
  102  14:30  Supply Depot  
  105  14:34  Fusion Core  
  105  14:39  Missile Turret  
  105  14:52  Supply Depot  
  105  14:53  Terran Infantry Armor Level 2  
  105  14:59  Bunker  
  105  15:14  Supply Depot  
  101  15:24  Weapon Refit, Missile Turret  
  90  15:35  Marine  
  90  15:36  Marine x2, Supply Depot  
  93  15:52  Missile Turret  
  93  15:53  Marine  
  93  15:54  Marine x2  
  96  15:58  Supply Depot  
  96  16:11  Marine x3  
  96  16:13  Missile Turret  
  96  16:14  Battlecruiser x3  
  117  16:20  Supply Depot  
  117  16:23  Terran Ship Weapons Level 1  
  117  16:29  Marine x3  
  120  16:47  Marine x3  
  123  17:04  Marine  
  123  17:05  Marine x2  
  126  17:09  Terran Infantry Weapons Level 3  
  126  17:16  Command Center  
  126  17:18  Battlecruiser, Command Center  
  126  17:19  Battlecruiser x2  
  126  17:22  Marine  
  144  17:23  Marine x2  
  144  17:26  Command Center  
  147  17:40  Marine  
  147  17:41  Marine x2  
  125  18:17  Terran Vehicle Weapons Level 2  
  125  18:22  Battlecruiser  
  125  18:23  Battlecruiser x2  
  143  18:59  Bunker  
  146  19:48  Battlecruiser  
  146  19:49  Battlecruiser x2  
  158  20:33  Terran Vehicle And Ship Armor Level 2  
  158  20:52  Battlecruiser  
  158  20:53  Battlecruiser  
  158  20:54  Battlecruiser  
  163  21:56  Battlecruiser  
  163  21:58  Battlecruiser x2  
  181  23:01  Battlecruiser  
  181  23:02  Battlecruiser x2  
  199  23:30  Marine  
  188  24:05  Battlecruiser  
  188  24:06  Battlecruiser  
  200  24:50  Terran Vehicle Weapons Level 3  
  200  24:53  Terran Infantry Armor Level 3  
  200  27:27  Terran Vehicle And Ship Armor Level 3  
Tags
 
Add a new tag
Caveats
  • Supply blocks, unpowered buildings, or Contaminate may cause inaccurate times.
  • Supply counts are checked every 10 seconds.